AoeStats
← Termotanque de ñoquis

Hideout

508582627Analyzed
1v1 RM · 10d ago on Sep 23, 2026· 68m 23s· 2 players
Game mode
Random Map
Map size
Tiny (2 player)
Population
200
Speed
Normal
Resources
Standard
Victory
Conquest
Starting age
Dark Age
Ending age
Imperial Age
RankedLock teamsTeams togetherTeam positionsShared explorationLock speedFull tech treeHidden civsTurbo modeCheats
Victory
Defeat
🇲🇽 Aztecs · Mexico
786
+11
🇦🇷 Maya · Argentina
673
-11
Termotanque de ñoquis
7:17 Loom
10:15 Feudal Age
11:12 Double-Bit Axe
11:14 Horse Collar
15:21 Fletching
17:48 Wheelbarrow
23:10 Castle Age
24:04 Crossbowman
24:41 Bodkin Arrow
26:25 Thumb Ring
26:22 Padded Archer Armor
30:06 Leather Archer Armor
30:28 Ballistics
30:27 Hand Cart
31:13 Gold Mining
31:34 Bow Saw
31:24 Heavy Plow
31:17 Stone Mining
32:49 Town Watch
40:42 Imperial Age
39:36 Eagle Warrior
41:26 Bracer
41:57 Ring Archer Armor
41:31 Arbalester
42:13 Scale Mail Armor
42:24 Forging
43:16 Guilds
42:51 Capped Ram
45:05 Two-Man Saw
44:36 Crop Rotation
43:53 Elite Eagle Warrior
45:09 Holcans
44:06 Elite Plumed Archer
45:07 Squires
47:05 Chemistry
49:18 Chain Mail Armor
49:38 Iron Casting
50:36 Plate Mail Armor
51:40 Siege Ram
54:46 Blast Furnace
53:45 Onager
GMEX | Tláloc Man
0:35 Loom
13:19 Feudal Age
17:22 Castle Age
17:00 Double-Bit Axe
16:59 Horse Collar
17:13 Gold Mining
21:04 Eagle Warrior
23:28 Squires
25:01 Gold Shaft Mining
28:40 Scale Mail Armor
30:57 Bow Saw
30:50 Heavy Plow
32:32 Wheelbarrow
32:08 Stone Mining
35:26 Hand Cart
34:57 Town Watch
35:43 Treadmill Crane
36:48 Ballistics
37:01 Arson
39:55 Imperial Age
37:17 Elite Skirmisher
37:51 Fletching
38:37 Sanctity
39:08 Atlatl
39:07 Bodkin Arrow
40:40 Bracer
40:10 Elite Eagle Warrior
41:09 Chain Mail Armor
42:05 Town Patrol
42:14 Padded Archer Armor
42:46 Block Printing
44:00 Leather Archer Armor
45:11 Plate Mail Armor
46:24 Chemistry
45:56 Forging
46:11 Conscription
45:46 Capped Ram
47:39 Iron Casting
47:38 Fortified Wall
47:11 Siege Ram
49:20 Garland Wars
50:18 Blast Furnace
50:44 Elite Jaguar Warrior
52:09 Gambesons
61:45 Murder Holes
61:56 Siege Engineers
Connection lost

Rejoining the realm…

Still unreachable

The connection could not be restored.

Session expired

The server has moved on; the page needs a fresh start.